AoeStats
← normton

Black Forest

509417648Analyzed
3v3 RM · 4d ago on Sep 26, 2026· 71m 58s· 6 players
Game mode
Random Map
Map size
Normal (6 player)
Population
200
Speed
Normal
Resources
Standard
Victory
Conquest
Starting age
Dark Age
Ending age
Imperial Age
RankedLock teamsTeams togetherTeam positionsShared explorationLock speedFull tech treeHidden civsTurbo modeCheats
Victory
Defeat
🇵🇱 Byzantines · Poland
794
+15
🇮🇳 Saracens · India
789
+15
🇧🇷 Franks · Brazil
745
+17
🇩🇪 Dravidians · Germany
841
-19
🇩🇪 Saxons · Germany
830
-18
🇩🇪 Japanese · Germany
615
-10
normton
3:34 Loom
18:25 Feudal Age
19:03 Horse Collar
19:20 Double-Bit Axe
22:34 Wheelbarrow
28:11 Castle Age
28:19 Scale Barding Armor
28:26 Forging
28:22 Scale Mail Armor
29:09 Heavy Plow
29:27 Bow Saw
31:18 Light Cavalry
32:10 Bloodlines
32:02 Husbandry
37:13 Hand Cart
41:38 Chain Barding Armor
41:34 Chain Mail Armor
41:56 Iron Casting
41:23 Padded Archer Armor
41:15 Fletching
44:03 Imperial Age
41:39 Gold Mining
41:41 Stone Mining
45:08 Conscription
48:45 Plate Mail Armor
49:17 Blast Furnace
49:25 Pikeman
51:11 Gambesons
51:28 Squires
51:16 Arson
56:04 Masonry
55:54 Murder Holes
55:47 Arrowslits
65:40 Chemistry
65:03 Ballistics
64:42 Elite Samurai
65:10 Halberdier
Calli Caliente
1:17 Loom
13:39 Feudal Age
19:04 Castle Age
17:56 Double-Bit Axe
17:57 Horse Collar
21:25 Heavy Plow
21:39 Bow Saw
28:32 Stone Mining
28:47 Gold Mining
32:25 Imperial Age
34:17 Chemistry
34:26 Wheelbarrow
33:37 Town Watch
34:05 Pikeman
34:46 Squires
34:49 Scale Mail Armor
35:01 Forging
34:41 Fletching
35:29 Bombard Tower
35:32 Ballistics
35:17 Murder Holes
35:32 Caravan
36:58 Two-Man Saw
36:33 Hand Cart
36:18 Town Patrol
37:17 Halberdier
38:23 Conscription
38:41 Chain Mail Armor
38:21 Bodkin Arrow
39:02 Iron Casting
38:33 Scale Barding Armor
39:00 Masonry
39:58 Siege Elephant
42:51 Wootz Steel
42:39 Medical Corps
41:55 Elite Urumi Swordsman
42:24 Arson
42:47 Thumb Ring
42:03 Elite Skirmisher
42:16 Heavy Scorpion
43:30 Plate Mail Armor
43:01 Bracer
44:01 Blast Furnace
43:22 Chain Barding Armor
43:03 Padded Archer Armor
44:38 Elite Elephant Archer
45:12 Arrowslits
SteaK
10:38 Loom
13:46 Feudal Age
16:05 Double-Bit Axe
16:02 Horse Collar
16:16 Gold Mining
19:04 Castle Age
17:41 Wheelbarrow
18:02 Stone Mining
24:08 Bow Saw
24:59 Heavy Plow
27:43 Gold Shaft Mining
28:32 Squires
27:53 Pikeman
27:53 Man-at-Arms
28:19 Gambesons
28:19 Arson
29:34 Caravan
30:03 Town Watch
30:36 Hand Cart
30:36 Forging
30:26 Scale Mail Armor
30:27 Padded Archer Armor
30:28 Long Swordsman
30:39 Elite Skirmisher
33:11 Town Patrol
35:59 Imperial Age
36:16 Two-Handed Swordsman
36:17 Halberdier
36:18 Elite Varangian Guard
37:21 Conscription
37:52 Leather Archer Armor
37:27 Fletching
38:13 Iron Casting
37:54 Chain Mail Armor
37:01 Crossbowman
37:30 Champion
38:23 Thumb Ring
37:42 Arbalester
38:57 Shield Wall
39:08 Sappers
40:14 Hoardings
40:43 Guilds
41:48 Two-Man Saw
41:23 Crop Rotation
40:43 Treadmill Crane
40:59 Murder Holes
42:06 Chemistry
42:05 Plate Mail Armor
42:06 Ring Archer Armor
41:33 Bodkin Arrow
41:32 Clerical Recruitment
41:32 Elite Hearth Troop
41:49 Capped Ram
45:34 Bracer
46:09 Ballistics
45:35 Arrowslits
46:01 Fortified Wall
46:02 Masonry
45:57 Siege Engineers
45:43 Guard Tower
46:35 Herbal Medicine
46:54 Onager
54:32 Keep
54:28 Architecture
Angelique
1:17 Loom
10:43 Feudal Age
11:15 Horse Collar
14:27 Double-Bit Axe
18:17 Wheelbarrow
23:35 Castle Age
21:51 Forging
21:46 Scale Barding Armor
21:48 Gold Mining
21:49 Stone Mining
24:43 Bow Saw
24:40 Heavy Plow
24:57 Husbandry
27:33 Stone Shaft Mining
27:33 Gold Shaft Mining
28:42 Iron Casting
29:45 Hand Cart
31:42 Gold Shaft Mining
31:43 Caravan
35:21 Imperial Age
35:20 Chain Barding Armor
35:21 Elite Cataphract
36:23 Conscription
36:14 Heavy Camel Rider
36:25 Heavy Camel Rider
38:05 Ballistics
38:45 Chemistry
37:56 Fortified Wall
37:44 Murder Holes
37:43 Treadmill Crane
38:43 Plate Barding Armor
39:11 Crop Rotation
39:25 Logistica
42:49 Bombard Tower
54:01 Two-Man Saw
BLYAAAT
0:40 Loom
11:51 Feudal Age
13:11 Horse Collar
13:18 Double-Bit Axe
13:53 Stone Mining
23:21 Castle Age
32:31 Imperial Age
30:13 Caravan
30:58 Heavy Plow
31:10 Bow Saw
33:34 Conscription
32:35 Elite Mameluke
33:49 Gold Mining
34:59 Forging
34:54 Scale Barding Armor
34:54 Husbandry
35:04 Bloodlines
35:57 Chemistry
35:19 Ballistics
35:15 Fortified Wall
35:45 Wheelbarrow
42:38 Hand Cart
45:40 Iron Casting
45:25 Chain Barding Armor
62:32 Blast Furnace
62:07 Plate Barding Armor
cabezadevaca
2:21 Loom
12:45 Feudal Age
14:16 Wheelbarrow
15:00 Double-Bit Axe
19:07 Castle Age
17:05 Stone Mining
20:24 Bow Saw
21:20 Gold Mining
27:09 Hand Cart
33:01 Imperial Age
30:37 Town Watch
31:06 Fortified Wall
30:38 Treadmill Crane
31:41 Gold Shaft Mining
32:46 Murder Holes
33:06 Forging
33:01 Scale Barding Armor
34:46 Iron Casting
35:18 Chain Barding Armor
36:35 Ballistics
37:16 Chemistry
36:28 Masonry
36:04 Arrowslits
37:34 Blast Furnace
37:23 Conscription
37:05 Chivalry
37:30 Cavalier
38:11 Husbandry
39:53 Plate Barding Armor
41:20 Town Patrol
41:15 Fletching
41:42 Scale Mail Armor
41:42 Padded Archer Armor
42:14 Bodkin Arrow
43:54 Hoardings
45:36 Paladin
56:37 Elite Throwing Axeman
61:54 Theocracy
61:16 Herbal Medicine
61:38 Fervor
Connection lost

Rejoining the realm…

Still unreachable

The connection could not be restored.

Session expired

The server has moved on; the page needs a fresh start.